 Dungeon Crawl Stone Soup version 0.29.0-13-gc9e81de378 (webtiles) character file.

Game seed: 11052790361709781660

6145 SnakkuSnakku7 the Skirmisher (level 11, -9/68 HPs)
             Began as a Djinni Hunter on Sept 9, 2022.
             Was a Believer of Dithmenos.
             Mangled by a two-headed ogre
             ... wielding a +0 giant spiked club
              (24 damage)
             ... on level 9 of the Dungeon.
             The game lasted 00:15:05 (11080 turns).

SnakkuSnakku7 the Skirmisher (Djinni Hunter)       Turns: 11080, Time: 00:15:06

Health: -9/68      AC:  7    Str: 10    XL:     11   Next: 13%
Gold:   607        EV: 13    Int: 11    God:    Dithmenos [**....] SH:  0 Dex: 21

rFire   + + .      SeeInvis .   a - +0 shortbow
rCold   . . .      Faith    .   (shield currently unavailable)
rNeg    . . .      Spirit   .   B - +0 steam dragon scales
rPois   ∞          Reflect  .   (no helmet)
rElec   .          Harm     .   v - +0 cloak
rCorr   .          Rampage  .   j - +0 pair of gloves
Will    +....                   (boots unavailable)
Stlth   ++........              f - amulet of the acrobat
HPRegen 0.21/turn               r - ring of protection from cold
MPRegen 0.00/turn               (no ring)

@: flying, wreathed by umbra
A: sickness immunity, fire resistance 2, cold vulnerability 1, float, innate
caster, HP casting, extra vitality 1
a: Renounce Religion, Shadow Step


You were on level 9 of the Dungeon.
You worshipped Dithmenos.
Dithmenos was pleased with you.
You visited 2 branches of the dungeon, and saw 10 of its levels.

You collected 607 gold pieces.

Inventory:

Hand Weapons
 a - a +0 shortbow (weapon)
Missiles
 g - 23 poisoned darts
Armour
 c - a +0 leather armour
 j - a +0 pair of gloves (worn)
 p - the +1 chain mail of Biaskiw {rF+ Slay+3}
   (You found it on level 4 of the Dungeon)

   Slay:      It affects your accuracy & damage with ranged weapons and melee
   (+3).
   rF:        It protects you from fire.
 t - a +2 robe of fire resistance
 v - a +0 cloak (worn)
 B - +0 steam dragon scales (worn)
Jewellery
 f - an amulet of the acrobat (around neck)
 r - a ring of protection from cold (left hand)
Wands
 s - a wand of flame (3)
 x - a wand of roots (2)
 z - a wand of paralysis (2)
Scrolls
 b - 5 scrolls of immolation
 e - a scroll of butterflies
 k - a scroll of summoning
 l - a scroll of identify
 n - a scroll of poison
 o - 2 scrolls of enchant weapon
Potions
 d - a potion of heal wounds
 h - 4 potions of cancellation
 i - a potion of curing
 q - 2 potions of lignification {unknown}
 u - a potion of brilliance
 w - 4 potions of mutation {unknown}


   Skills:
 - Level 2.0 Fighting
 + Level 13.8 Ranged Weapons
 - Level 2.1 Dodging
 - Level 0.7 Stealth


You couldn't memorise any spells.
You knew the following spells:

 Your Spells              Type           Power      Damage    Failure   Level
a - Sting                 Tmut/Pois      0%         1d3       34%         1
b - Call Imp              Summ           0%         N/A       47%         2
c - Ozocubu's Armour      Ice            0%         N/A       71%         3
d - Ice Form              Ice/Tmut       0%         N/A       98%         4
e - Fireball              Conj/Fire      0%         3d3       100%        5
Your spell library was empty.


Dungeon Overview and Level Annotations

Branches:
Dungeon (9/15)             Temple (1/1) D:6             Orc (0/2) D:9
   Lair: D:8-11

Altars:
Ashenzari
Cheibriados
Dithmenos
Elyvilon
Fedhas
Gozag
Hepliaklqana
Makhleb
Nemelex Xobeh
Okawaru
Qazlal
Ru
Trog
Uskayaw
Wu Jian
Xom
Yredelemnul
Zin
The Shining One

Portals:
Abyss: D:6

Annotations:
D:6 2 transporters
D:7 2 transporters
Temple 2 transporters


Innate Abilities, Weirdness & Mutations

You are immune to sickness and miasma.
You are immune to poison.
Your flesh is very heat resistant. (rF++)
You are vulnerable to cold. (rC-)
You float through the air rather than walking.
You learn spells naturally, not from books.
Your magical power is your life essence.
You have superior vitality. (+4 MHP)


Message History

You start resting.
A two-headed ogre is nearby!
You shoot an arrow. The two-headed ogre shouts in stereo!
The arrow hits the two-headed ogre.
The two-headed ogre is lightly wounded.
You shoot an arrow. The arrow hits the two-headed ogre.
The two-headed ogre is lightly wounded.
You shoot an arrow. The arrow hits the two-headed ogre!
The two-headed ogre is moderately wounded.
You shoot an arrow.
The arrow hits the two-headed ogre but does no damage.
The two-headed ogre is moderately wounded.
You shoot an arrow. The arrow hits the two-headed ogre!
The two-headed ogre is heavily wounded.
You shoot an arrow. The arrow hits the two-headed ogre.
The two-headed ogre is severely wounded.
You shoot an arrow.
The arrow barely misses the two-headed ogre.
You shoot an arrow.
The arrow hits the two-headed ogre but does no damage.
The two-headed ogre is severely wounded.
You shoot an arrow.
The arrow hits the two-headed ogre but does no damage.
The two-headed ogre is severely wounded.
The two-headed ogre barely misses you. x2
You shoot an arrow. The arrow hits the two-headed ogre.
The two-headed ogre is severely wounded.
You shoot an arrow. The arrow hits the two-headed ogre.
The two-headed ogre is severely wounded.
The two-headed ogre barely misses you.
The two-headed ogre hits you with a +0 giant club!
Unknown command.
You shoot an arrow.
The arrow hits the two-headed ogre but does no damage.
The two-headed ogre is severely wounded.
The two-headed ogre hits you with a +0 giant spiked club!!
* * * LOW HITPOINT WARNING * * *
The two-headed ogre hits you with a +0 giant club!!
You die...

##..#....#..# #...... #g
#....# #...... #. #....#
#...... .c ##....## ##......
Y. ##......## ##.......
######........######........
...........................#
..........))....>..........+
..........O@...............#
..........†###'######......+
...........#........#......#
...#####...'........#......#
...+...#)..#..>.....#......#
.. #...#...#........#......#
#...#..##........#
#...#..#.........#
#...#).###########


You could see a two-headed ogre.

Vanquished Creatures
  2 two-headed ogres
  Pikel (D:5)
  Maggie (D:8)
  Psyche (D:8)
  Sigmund (D:2)
  A wyvern (D:9)
  3 yaks
  Eustachio (D:6)
  A steam dragon (D:7)
  A water moccasin (D:7)
  Duvessa (D:6)
  A black bear (D:4)
  2 ogres
  3 centaurs
  3 lemures
  3 phantoms (D:5)
  A kobold brigand (D:8)
  4 bullfrogs
  2 necrophages
  A gnoll sergeant (D:7)
  A scorpion (D:4)
  5 wights
  Dowan (D:6)
  8 killer bees
  A jelly (D:5)
  2 hounds
  A gnoll bouda (D:9)
  6 orc priests
  Natasha (twice) (D:2)
  2 iguanas
  7 orc wizards
  4 adders
  4 gnolls (D:7)
  A shadow imp (D:8)
  3 white imps
  An ufetubus (D:5)
  A worm (D:3)
  A dart slug (D:2)
  46 orcs
  6 endoplasms
  3 giant cockroaches
  8 goblins
  5 hobgoblins
  3 jackals (D:3)
  13 kobolds
  4 quokkas
  5 ball pythons
  A bat (D:1)
  3 frilled lizards (D:2)
  3 rats
185 creatures vanquished.

Vanquished Creatures (others)
  2 orcs (D:7)
  6 plants (D:2)
8 creatures vanquished.

Grand Total: 193 creatures vanquished

Notes
Turn   | Place    | Note
-------+----------+-------------------------------------------
     0 | D:1      | SnakkuSnakku7 the Djinni Hunter began the quest for the
                  | Orb.
     0 | D:1      | Reached XP level 1. HP: 18/18 MP: 0/0
   412 | D:1      | Reached XP level 2. HP: 23/23 MP: 0/0
   911 | D:2      | Noticed Sigmund
  1041 | D:2      | Reached XP level 3. HP: 27/28 MP: 0/0
  1041 | D:2      | Learned a level 1 spell: Sting
  1043 | D:2      | Reached skill level 4 in Ranged Weapons
  1117 | D:2      | Identified the +7 chain mail "Ybraenno" {rPois rF+ Int-3}
  1207 | D:2      | Found a faded altar of an unknown god.
  1409 | D:2      | Noticed Natasha
  1416 | D:2      | Killed Natasha
  1417 | D:2      | Reached XP level 4. HP: 20/33 MP: 0/0
  1648 | D:3      | Found a hide-covered altar of Uskayaw.
  1718 | D:3      | Reached XP level 5. HP: 35/38 MP: 0/0
  1718 | D:3      | Learned a level 2 spell: Call Imp
  1796 | D:3      | Reached skill level 5 in Ranged Weapons
  1809 | D:3      | Identified the +0 spear "Seniatrirewk" {flame, Int+6}
  2053 | D:4      | Identified the +1 chain mail of Biaskiw {rF+ Slay+3}
  2328 | D:4      | Noticed a black bear
  2796 | D:4      | Reached XP level 6. HP: 43/43 MP: 0/0
  3027 | D:4      | Killed a black bear
  3028 | D:4      | Reached skill level 6 in Ranged Weapons
  3585 | D:2      | Noticed Natasha
  3588 | D:2      | Killed Natasha
  3710 | D:2      | Killed Sigmund
  3711 | D:2      | Reached XP level 7. HP: 22/49 MP: 0/0
  3711 | D:2      | Learned a level 3 spell: Ozocubu's Armour
  3961 | D:5      | Entered Level 5 of the Dungeon
  4011 | D:5      | Reached skill level 7 in Ranged Weapons
  4416 | D:5      | Noticed Pikel
  5086 | D:5      | Reached XP level 8. HP: 54/54 MP: 0/0
  5132 | D:5      | Reached skill level 8 in Ranged Weapons
  5462 | D:5      | Killed Pikel
  5463 | D:5      | Reached skill level 9 in Ranged Weapons
  5463 | D:5      | Reached XP level 9. HP: 14/58 MP: 0/0
  5463 | D:5      | Learned a level 4 spell: Ice Form
  5829 | D:6      | Noticed Duvessa
  5864 | D:6      | Noticed Dowan
  6134 | D:6      | Killed Duvessa
  6143 | D:6      | Killed Dowan
  6343 | D:6      | Reached skill level 10 in Ranged Weapons
  6400 | D:6      | Noticed a two-headed ogre
  6558 | D:6      | Noticed Eustachio
  6564 | D:6      | Killed Eustachio
  6820 | D:6      | Found a transporter.
  6861 | D:6      | Killed a two-headed ogre
  6862 | D:6      | Reached skill level 11 in Ranged Weapons
  7016 | D:6      | Found a transporter.
  7018 | D:6      | Noticed an ancient zyme
  7026 | D:6      | Found a staircase to the Ecumenical Temple.
  7037 | Temple   | Entered the Ecumenical Temple
  7037 | Temple   | Found a transporter.
  7037 | Temple   | Found a transporter.
  7039 | Temple   | Found a transporter.
  7039 | Temple   | Found a transporter.
  7058 | Temple   | Became a worshipper of Dithmenos the Shadowed
  7131 | D:6      | Found a one-way gate to the infinite horrors of the Abyss.
  7211 | D:7      | Found a transporter.
  7212 | D:7      | Found a transporter.
  7219 | D:7      | Found an iron altar of Okawaru.
  7233 | D:7      | Reached XP level 10. HP: 33/64 MP: 0/0
  7702 | D:7      | Found a glowing golden altar of the Shining One.
  7702 | D:7      | Found an opulent altar of Gozag.
  7741 | D:7      | Noticed a cyclops
  8199 | D:8      | Noticed Psyche
  8210 | D:8      | Reached skill level 12 in Ranged Weapons
  8811 | D:8      | Paralysed by a wight for 3 turns
  8815 | D:8      | Reached * piety under Dithmenos
  9272 | D:8      | Noticed Maggie
  9284 | D:8      | Killed Maggie
  9575 | D:8      | Paralysed by something for 4 turns
  9589 | D:8      | Paralysed by something for 5 turns
  9606 | D:8      | Killed Psyche
 10017 | D:9      | Reached skill level 13 in Ranged Weapons
 10471 | D:9      | Noticed a two-headed ogre
 10472 | D:9      | Noticed a two-headed ogre
 10653 | D:9      | Killed a two-headed ogre
 10654 | D:9      | Reached XP level 11. HP: 36/68 MP: 0/0
 10654 | D:9      | Learned a level 5 spell: Fireball
 11007 | D:9      | Found a staircase to the Orcish Mines.
 11055 | D:9      | Reached ** piety under Dithmenos
 11080 | D:9      | Mangled by a two-headed ogre

Illustrated notes

Levels and vault maps discovered:
D:1:      enne_arrival_octagon_isle, layout_loops_corners,
          minmay_misc_feat_diagonals
D:2:      layout_basic, shapermc_ecumenical_altar_mp_ritualfount,
          roderic_lattice_a, lemuel_old_faithful, uniq_natasha, uniq_sigmund
D:3:      layout_basic, lemuel_tele_altar
D:4:      black_bear_nest_1, layout_basic, minmay_misc_feat_cross
D:5:      layout_loops_ring, eino_small_chamber_without_monster, uniq_pikel
D:6:      layout_gridville, minmay_temple_entry_hall,
          gammafunk_ghost_abyssal_escape, minmay_misc_feat_nine_boxes,
          uniq_eustachio, uniq_duvessa
D:7:      layout_basic, gammafunk_temple_overflow_arena,
          chequers_temple_overflow_statue_of_worship
D:8:      layout_loops_ring, nicolae_concentric_dashed_squares_mild,
          dk_noncrumbling_4, uniq_maggie, uniq_psyche
D:9:      minmay_four_partial_circles, layout_irregular_city,
          nicolae_vehumet_radiance, uniq_erica
Temple:   hellmonk_temple_divided_pantheon

Skill      XL: |  1  2  3  4  5  6  7  8  9 10 |
---------------+-------------------------------+-----
Ranged Weapons | 4 5 6 7 9 11 13 | 13.8
Fighting       | |  2.0
Dodging        | |  2.1
Stealth        | |  0.7

Action                   |  1- 3 |  4- 6 |  7- 9 | 10-12 || total
-------------------------+-------+-------+-------+-------++-------
Melee: Unarmed           |       |       |       |     8 ||     8
 Fire: Shortbow          |    72 |   143 |   314 |   403 ||   932
Evoke: Wand              |       |       |     3 |     1 ||     4
  Use: Scroll            |     2 |     6 |     3 |     5 ||    16
       Potion            |       |       |     3 |     1 ||     4
Armor: Leather armour    |     9 |    17 |       |       ||    26
       Robe              |       |       |    51 |    20 ||    71
       Steam dragon scal |       |       |       |    18 ||    18
       Skin              |       |       |       |     1 ||     1
Dodge: Dodged            |    29 |    51 |    96 |   179 ||   355
